 Dungeon Crawl Stone Soup version 0.28-a0-297-g99b01970c5 (webtiles) character file.

Game seed: 9271105854277536909

2 McIrco the Skirmisher (level 1, -1/18 HPs)
             Began as a Human Cinder Acolyte on Aug 29, 2021.
             Was a High Priest of Ignis.
             Slain by a goblin (2 damage)
             ... on level 1 of the Dungeon.
             The game lasted 00:00:09 (76 turns).

McIrco the Skirmisher (Human Cinder Acolyte)          Turns: 76, Time: 00:00:10

Health: -1/18      AC:  2    Str: 15    XL:     1   Next: 44%
Magic:  2/2        EV: 11    Int: 13    God:    Ignis [*****.]
Gold:   0          SH:  0    Dex:  8    Spells: 1/2 levels left

rFire   + . .      SeeInvis .   a - -1 hand axe (flame)
rCold   . . .      Faith    .   (no shield)
rNeg    . . .      Spirit   .   b - +0 robe
rPois   .          Reflect  .   (no helmet)
rElec   .          Harm     .   (no cloak)
rCorr   .          Rampage  .   (no gloves)
Will    .....                   (no boots)
Stlth   +.........              (no amulet)
HPRegen 0.06/turn               (no ring)
MPRegen 0.08/turn               (no ring)

@: no status effects
A: no striking features
a: Renounce Religion, Sea of Fire, Foxfire Swarm, Rising Flame


You were on level 1 of the Dungeon.
You worshipped Ignis.
Ignis was extremely pleased with you.
You visited 1 branch of the dungeon, and saw 1 of its levels.

Inventory:

Hand Weapons
 a - a -1 hand axe of flaming (weapon)
Armour
 b - a +0 robe (worn)
Scrolls
 c - a scroll of identify {unknown}


   Skills:
 + Level 3.1 Fighting
 + Level 3.1 Axes
 + Level 1.0 Spellcasting
 + Level 1.0 Fire Magic


You had one spell level left.
You knew the following spells:

 Your Spells              Type           Power      Damage    Failure   Level
a - Foxfire               Conj/Fire      4%         2x1d4     22%         1

Your spell library contained the following spells:

 Spells                   Type           Power      Damage    Failure   Level


Dungeon Overview and Level Annotations

Branches:
Dungeon (1/15)

Altars:


Message History

A ball python comes into view.
The bat closely misses you.
The ball python hisses angrily.
The bat hits you. x2; The kobold hits you with a +0 dagger.
You are too injured to fight recklessly!
You are too injured to fight recklessly!
You are too injured to fight recklessly!
You are too injured to fight recklessly!
You are too injured to fight recklessly!
You are too injured to fight recklessly!
The bat hits you but does no damage. x2
You miss the bat.
The bat is moderately wounded.
The bat completely misses you.
The kobold throws a stone.
The stone closely misses you.
A goblin comes into view. It is wielding a +0 club.
The kobold throws a stone.
The stone barely misses you. The bat misses you. The ball python bites you.
The ball python grabs you. The ball python constricts you.
The kobold hits you with a +0 dagger.
You are too injured to fight recklessly!
You are too injured to fight recklessly!
You are too injured to fight recklessly!
You escape the ball python's grasp.
Unknown command.
You hit the ball python. You burn the ball python.
You kill the ball python!
You closely miss the kobold. The kobold misses you.
You barely miss the kobold. The kobold hits you but does no damage.
You completely miss the kobold. The kobold hits you with a +0 dagger.
* * * LOW HITPOINT WARNING * * *
You barely miss the kobold. The kobold completely misses you.
You hit the kobold. You burn the kobold.
You kill the kobold!
The bat closely misses you. The bat barely misses you.
The goblin hits you with a +0 club.
* * * LOW HITPOINT WARNING * * *
Items here: ( ) ††.
You closely miss the goblin. The bat barely misses you.
The goblin hits you with a +0 club.
You die...

.# .# .##### ## ..
..... # . .... . ...
##. .. # #.# .# #
#.###b####.. #
#...@g...... ##
##########.###....#..
.###..........# ....#
....(########## #####
###..# # #..# ###..#
.....# .....#


You could see a goblin and a bat.

Vanquished Creatures
  A giant cockroach (D:1)
  A ball python (D:1)
  A kobold (D:1)
3 creatures vanquished.

Notes
Turn   | Place    | Note
-------+----------+-------------------------------------------
     0 | D:1      | McIrco the Human Cinder Acolyte began the quest for the
                  | Orb.
     0 | D:1      | Reached XP level 1. HP: 18/18 MP: 2/2
    76 | D:1      | Slain by a goblin

Illustrated notes

Levels and vault maps discovered:
D:1:      dpeg_arrival_round_c, layout_basic,
          shapermc_ecumenical_altar_mp_urbaneastern, hangedman_decor_lopped,
          minmay_misc_feat_ornament, minmay_vboxes

Action                   || total
-------------------------++-------
Melee: Hand axe          ||    15
Armor: Robe              ||     8
Dodge: Dodged            ||    22

Table legend: (Time is in decaauts)
 A = Elapsed time spent in this place.
 B = Non-inter-level travel time spent in this place.
 C = Inter-level travel time spent in this place.
 D = Time resting spent in this place.
 E = Time spent auto-exploring this place.
 F = Levels seen in this place.
 G = Mean time per level.
                   A        B        C        D        E       F      G
               +--------+--------+--------+--------+--------+-----+--------+
         Total |     78 |     78 |      0 |      0 |     41 |   1 |   78.0 |
       Dungeon |     78 |     78 |      0 |      0 |     41 |   1 |   78.0 |
               +--------+--------+--------+--------+--------+-----+--------+

Top non-repeatable levels by time:
     D:1: 78 daAuts
